 Dungeon Crawl Stone Soup version 0.20-a0-1089-g3fde505 (webtiles) character file.

85 Dominolapin the Chiller (level 4, 0/27 HPs)
             Began as a Barachi Ice Elementalist on May 3, 2017.
             Succumbed to Terence's poison
             ... on level 3 of the Dungeon.
             The game lasted 00:08:28 (2357 turns).

Dominolapin the Chiller (Barachi Ice Elementalist)  Turns: 2357, Time: 00:08:29

Health: 0/27       AC:  7    Str: 13    XL:     4   Next: 48%
Magic:  2/7        EV: 17    Int: 16    God:
Gold:   88         SH:  0    Dex: 18    Spells: 3/7 levels left

rFire    + . .     SeeInvis .   o - +2 mace
rCold    + + .     Gourm    .   (no shield)
rNeg     . . .     Faith    .   i - +1 leather armour
rPois    +         Spirit   .   (no helmet)
rElec    +         Reflect  .   (no cloak)
rCorr    +         Harm     .   a - +0 pair of gloves
MR       .....     Clarity  +   r - +1 pair of boots
Stlth    +++.......             m - amulet of rage
Regen    0.1/turn               s - +4 ring of strength
MPRegen  0.1/turn               (no ring)

@: agile, lethally poisoned (0 -> -39), resistant, slow
A: +LOS, swims, clarity, cold resistance 1, frail 1, slowness 1, strong legs 1
a: Hop, Evoke Berserk Rage


You were on level 3 of the Dungeon.
You were hungry.

You visited 1 branch of the dungeon, and saw 3 of its levels.

You collected 88 gold pieces.

Inventory:

Hand Weapons
 o - a +2 mace (weapon)
Armour
 a - a +0 pair of gloves (worn)
 i - a +1 leather armour (worn)
 r - a +1 pair of boots (worn)
Jewellery
 m - an amulet of rage (around neck)
 s - a +4 ring of strength (left hand)
Scrolls
 l - 3 scrolls of blinking
 p - a scroll of remove curse
Potions
 d - 4 potions of ambrosia
 e - a potion of curing {unknown}
 f - 2 potions of brilliance
 k - 2 potions of resistance
 q - 2 potions of might {unknown}
 v - a potion of heal wounds {unknown}
Books
 b - a book of Frost

   Spells                             Type                      Level
   a - Freeze                         Ice                          1
   b - Throw Frost                    Conjuration/Ice              2
   c - Ozocubu's Armour               Charms/Ice                   3
   d - Throw Icicle                   Conjuration/Ice              4
   e - Summon Ice Beast               Ice/Summoning                4
Comestibles
 c - 3 bread rations
 g - 3 meat rations
 h - 3 chunks of flesh
 u - a royal jelly


   Skills:
 - Level 2.1 Dodging
 - Level 1.7 Stealth
 - Level 2.1 Spellcasting
   Level 1.1 Conjurations
 + Level 6.1 Ice Magic


You had 3 spell levels left.
You knew the following spells:

 Your Spells              Type           Power        Failure   Level  Hunger
a - Freeze                Ice            ###.         1%          1    #......
b - Ozocubu's Armour      Chrm/Ice       ##......     22%         3    ###....


Dungeon Overview and Level Annotations

Branches:
Dungeon (3/15)

Altars:

Annotations:
D:3 Grinder, Terence


Innate Abilities, Weirdness & Mutations

Shadows flee at your approach. (+LOS)
You can swim through water.
You cover ground slowly.
You can hop short distances.
You possess an exceptional clarity of mind.
Your flesh is cold resistant. (rC+)
You are frail. (-10% HP)


Message History

You are more poisoned.
It was a potion of resistance.
You feel protected.
* * * LOW HITPOINT WARNING * * *
You feel very sick. Terence closely misses you.
Casting: Freeze
Confirm with . or Enter, or press ? or * to list all spells.
Aiming: Freeze
Press: ? - help, Shift-Dir - straight line, f/p - Terence
Aim: Terence, wielding a mace of venom and wearing a shiny scale mail (severely wounded)
You freeze Terence.
Terence resists.
Terence is almost dead.
* * * LOW HITPOINT WARNING * * *
You feel very sick. Terence completely misses you.
Okay, then.
It was a potion of mutation.
You feel extremely strange.
Your thoughts seem clearer.
You feel frail.
You feel resistant to cold.
You die...

... #.# .... # #.#
#...
###.#.#####...
....#..... ..## #.
...... ...# #.
#..# #..#
#.###..#####..#
#.@.......##..####
#@###..##........#
#. #..####...##.#
#. #..# #.....#.##
#. ...####........
#.
.#.........##.##
#......####..###.#
###.#### #..###.#
#.# #......#


You could see Terence.

Vanquished Creatures
  An adder (D:2)
  3 worms (D:2)
  3 dart slugs
  An orc (D:3)
  5 bats
  5 giant cockroaches
  8 goblins
  10 hobgoblins
  3 jackals (D:1)
  A quokka (D:2)
  A ball python (D:1)
  6 frilled lizards (D:1)
  4 kobolds
  4 rats
55 creatures vanquished.

Notes
Turn   | Place    | Note
-------+----------+-------------------------------------------
     0 | D:1      | Dominolapin the Barachi Ice Elementalist began the quest for the Orb.
     0 | D:1      | Reached XP level 1. HP: 13/13 MP: 3/3
   147 | D:1      | Reached skill level 4 in Ice Magic
   194 | D:1      | Reached XP level 2. HP: 19/19 MP: 1/5
   784 | D:1      | Reached skill level 5 in Ice Magic
   784 | D:1      | Reached XP level 3. HP: 24/24 MP: 0/6
  1559 | D:2      | Reached XP level 4. HP: 30/30 MP: 4/7
  1567 | D:2      | Learned a level 3 spell: Ozocubu's Armour
  1853 | D:2      | Reached skill level 6 in Ice Magic
  2256 | D:3      | Noticed Grinder
  2339 | D:3      | Noticed Terence
  2357 | D:3      | Gained mutation: You possess an exceptional clarity of mind. [potion of mutation]
  2357 | D:3      | Gained mutation: You are frail. (-10% HP) [potion of mutation]
  2357 | D:3      | Gained mutation: Your flesh is cold resistant. (rC+) [potion of mutation]
  2357 | D:3      | Succumbed to Terence's poison

Vault maps used:
D:1:      dpeg_arrival_three_bigger_balls, minmay_tetromino_s2
D:3:      uniq_terence, uniq_grinder

Skill      XL: |  1  2  3  4 |
---------------+-------------+-----
Ice Magic      | 4 5 6 |  6.1
Dodging        | |  2.1
Stealth        | |  1.7
Spellcasting   | |  2.1
Conjurations   | |  1.1

Action                   |  1- 3 |  4- 6 || total
-------------------------+-------+-------++-------
Melee: Unarmed           |    19 |       ||    19
       Mace              |     4 |    19 ||    23
       Spear             |     2 |       ||     2
 Cast: Freeze            |    58 |    32 ||    90
 Abil: Hop               |       |     1 ||     1
  Use: Scroll            |     2 |    10 ||    12
       Potion            |       |     3 ||     3
 Stab: Sleeping          |       |     1 ||     1
  Eat: Chunk             |     3 |     3 ||     6
Armor: Leather armour    |    16 |    20 ||    36
Dodge: Dodged            |    41 |    23 ||    64
